 Dungeon Crawl Stone Soup version 0.30.0-15-g856e2d3f33 (webtiles) character file.

Game seed: 15623611940237440249

6 bmack86 the Conjurer (level 1, 0/11 HPs)
             Began as an Octopode Conjurer on May 20, 2023.
             Slain by a bat (1 damage)
             ... on level 1 of the Dungeon.
             The game lasted 00:01:45 (121 turns).

bmack86 the Conjurer (Octopode Conjurer)             Turns: 121, Time: 00:01:46

Health: 0/11       AC:  1    Str:  6    XL:     1   Next: 90%
Magic:  0/3        EV: 13    Int: 20    God:
Gold:   0          SH:  0    Dex: 10    Spells: 3/4 levels left

rFire   . . .        b - +0 dagger
rCold   . . .        (no shield)
rNeg    . . .        (helmet restricted)
rPois   .            (no amulet)
rElec   .            (no ring)
rCorr   .            (no ring)
SInv    .            (no ring)
Will    .....        (no ring)
Stlth   +++          (no ring)
HPRegen 0.21/turn    (no ring)
MPRegen 0.08/turn    (no ring)
                     (no ring)

%: no passive effects
@: no status effects
A: almost no armour, amphibious, 8 rings, camouflage 1, gelatinous body 1,
(nimble swimmer 1), tentacles
a: no special abilities


You were on level 1 of the Dungeon.
You visited 1 branch of the dungeon, and saw 1 of its levels.

Inventory:

Hand Weapons
 b - a +0 dagger (weapon)
Potions
 a - a potion of magic


   Skills:
 + Level 2.1 Dodging
 + Level 2.9 Stealth
 * Level 2.2 Spellcasting
 + Level 4.0 Conjurations


You had 3 spell levels left.
You knew the following spells:

 Your Spells              Type           Power      Damage    Failure   Level
a - Magic Dart            Conj           72%        1d6       3%          1

Your spell library contained the following spells:

 Spells                   Type           Power      Damage    Failure   Level
 Searing Ray              Conj           36%        2d5       4%          2
 Dazzling Flash           Conj/Hex       20%        N/A       21%         3
 Fulminant Prism          Conj/Hex       5%         3d7       54%         4
 Iskenderun's Mystic Bla  Conj/Tloc      10%        2d4       54%         4


Dungeon Overview and Level Annotations

Branches:
Dungeon (1/15)

Altars:


Innate Abilities, Weirdness & Mutations

You cannot wear most types of armour.
You are amphibious.
You can wear up to eight rings at the same time.
Your skin changes colour to match your surroundings (Stealth+).
Your rubbery body absorbs attacks. (AC +1, EV +1)
((You are camouflaged when in or above water. (Stealth+)))
You have tentacles for arms and can constrict up to eight enemies at once.


Message History

The bat is heavily wounded.
The bat barely misses you. The bat hits you.
The goblin hits you but does no damage.
You closely miss the goblin. Your grab misses the goblin.
The bat closely misses you. The goblin misses you.
You hit the goblin but do no damage. Your grab misses the goblin.
Your squeeze misses the goblin. The bat misses you. The bat closely misses you.
The goblin closely misses you.
You hit the goblin. You grab the goblin.
You squeeze the goblin, but do no damage.
The goblin is moderately wounded.
You constrict the goblin, but do no damage.
The bat closely misses you. The bat hits you but does no damage.
The bat barely misses you. The goblin barely misses you.
You hit the goblin but do no damage.
The goblin is moderately wounded.
You constrict the goblin, but do no damage.
The bat hits you. x2
A goblin comes into view. It is wielding a +0 dagger.
The goblin hits you with a +0 dagger.
* * * LOW HITPOINT WARNING * * *
The goblin shouts!
You hit the goblin but do no damage.
The goblin is moderately wounded.
You constrict the goblin. The bat closely misses you. The bat hits you.
* * * LOW HITPOINT WARNING * * *
The bat closely misses you. The goblin hits you with a +0 dagger.
* * * LOW HITPOINT WARNING * * *
You hit the goblin.
The goblin is severely wounded.
You constrict the goblin, but do no damage.
The bat barely misses you. The bat closely misses you. The bat hits you.
* * * LOW HITPOINT WARNING * * *
The goblin hits you but does no damage.
Unknown command.
You hit the goblin. You grab the goblin. You squeeze the goblin.
You kill the goblin!
You constrict the goblin, but do no damage.
The bat misses you. The bat hits you.
You die...

#.# ##########.##+####
. #...##...........# .
#...##.#####.....# .#
#...##.# #.!...# .#
##...##.# #..###### .#
#.....#.# #.†.......
.#
#†......##.##b..######
.###...........)@†.+
.........##....gb..#
.........##........#
..#.#....##........#
..#.####.##........#
.##.# #.##........#
'##.. ....##.......
..#.. .. #........
..#...


You could see a goblin and 2 bats.

Vanquished Creatures
  A ball python (D:1)
  A giant cockroach (D:1)
  A goblin (D:1)
  A hobgoblin (D:1)
  A kobold (D:1)
  A bat (D:1)
6 creatures vanquished.

Notes
Turn   | Place    | Note
-------+----------+-------------------------------------------
     0 | D:1      | bmack86 the Octopode Conjurer began the quest for the Orb.
     0 | D:1      | Reached XP level 1. HP: 11/11 MP: 3/3
   121 | D:1      | Slain by a bat

Illustrated notes

Levels and vault maps discovered:
D:1:      dpeg_arrival_rooms_a, layout_basic, serial_shops, shop_coins,
          minmay_split_cup_small

Action                     || total
---------------------------++-------
  Melee: Dagger            ||    18
         Constrict         ||     4
         Unarmed           ||     3
         Tentacles         ||     3
   Cast: Magic Dart        ||     8
 Armour: Skin              ||     7
  Dodge: Dodged            ||    28
